General information
- name: BNet
- type: Ladder team game (AT/RT)
- host: Battle.net
- saver: Teelo
map: HurricaneIsle
- players: 8
- length: 26:42
- speed: Fast
- version: 1.26 W3XP
- replay type: Public
» download(161 KB)
Players
team 1 (loser)
Born_in_USSR (
orange | 54 APM | 1428 actions | 26:40)
6 Tauren Chieftain
3 Shockwave
2 Endurance Aura
1 Reincarnation
5 Shadow Hunter
3 Healing Wave
1 Serpent Ward
1 Hex
2 Blademaster
1 Wind Walk
1 Critical Strike
» actions
| Build / train | 103 | |
| Enter build submenu | 30 | |
| Enter hero's abilities submenu | 14 | |
| Give item / drop item | 6 | |
| Right click | 587 | |
| Select / deselect | 557 | |
| Use ability | 131 | |
1428 total
» units
| Peon | 17 | |
| Grunt | 4 | |
| Demolisher | 7 | |
| Goblin Zeppelin | 8 | |
| Troll Batrider | 4 | |
| Shaman | 3 | |
| Troll Headhunter/Berserker | 2 | |
| Tauren | 3 | |
48 total
» upgrades
| Armor | 2 | |
| Melee Weapons | 1 | |
| Ranged Weapons | 1 | |
| Shaman Training | 2 | |
| Burning Oil | 1 | |
| Troll Regeneration | 1 | |
| Liquid Fire | 1 | |
| Reinforced Defenses | 1 | |
| Pulverize | 1 | |
| Berserker Upgrade | 1 | |
12 total
» buildings
| Orc Burrow | 8 | |
| Barracks | 1 | |
| Altar of Storms | 1 | |
| Voodoo Lounge | 1 | |
| Stronghold | 1 | |
| War Mill | 1 | |
| Great Hall | 1 | |
| Watch Tower | 12 | |
| Beastiary | 1 | |
| Fortress | 1 | |
| Spirit Lodge | 1 | |
| Tauren Totem | 1 | |
30 total
» build order
00:33 Orc Burrow
00:41 Barracks
01:04 Altar of Storms
01:28 Orc Burrow
02:12 Voodoo Lounge
03:06 Stronghold
03:57 Orc Burrow
04:28 Orc Burrow
04:50 War Mill
06:09 Great Hall
06:24 Watch Tower
06:30 Watch Tower
07:21 Watch Tower
08:31 Orc Burrow
09:09 Watch Tower
09:32 Beastiary
10:22 Fortress
10:38 Watch Tower
10:54 Spirit Lodge
12:27 Watch Tower
12:54 Tauren Totem
14:42 Orc Burrow
17:02 Watch Tower
17:07 Watch Tower
17:37 Orc Burrow
18:21 Watch Tower
18:45 Orc Burrow
23:48 Watch Tower
23:51 Watch Tower
23:54 Watch Tower
» items
| Healing Salve | 5 | |
| Scroll of Speed | 2 | |
| Lesser Clarity Potion | 8 | |
| Potion of Healing | 4 | |
| Scroll of Town Portal | 2 | |
| Potion of Mana | 2 | |
| Orb of Lightning | 2 | |
25 total
disowner (
purple | 50 APM | 1222 actions | 24:39)
4 Priestess of the Moon
2 Searing Arrows
2 Trueshot Aura
» actions
| Assign group hotkey | 16 | |
| Build / train | 71 | |
| Enter build submenu | 27 | |
| Enter hero's abilities submenu | 4 | |
| Right click | 428 | |
| Select / deselect | 400 | |
| Select group hotkey | 227 | |
| Use ability | 49 | |
1222 total
» units
| Wisp | 29 | |
| Archer | 13 | |
| Hippogryph | 11 | |
| Goblin Zeppelin | 1 | |
54 total
» upgrades
| Strength of the Moon | 3 | |
| Moon Armor | 2 | |
| Improved Bows | 1 | |
| Hippogryph Taming | 1 | |
| Ultravision | 1 | |
8 total
» buildings
| Moon Well | 9 | |
| Altar of Elders | 1 | |
| Ancient of War | 2 | |
| Hunter's Hall | 1 | |
| Ancient Protector | 10 | |
| Tree of Ages | 2 | |
| Ancient of Wind | 2 | |
| Tree of Life | 1 | |
| Tree of Eternity | 2 | |
30 total
» build order
00:25 Moon Well
00:37 Altar of Elders
00:49 Moon Well
01:42 Ancient of War
02:16 Ancient of War
02:42 Moon Well
02:58 Hunter's Hall
03:17 Moon Well
04:19 Ancient Protector
04:34 Ancient Protector
05:00 Ancient Protector
05:17 Ancient Protector
06:09 Tree of Ages
07:23 Moon Well
07:47 Moon Well
08:52 Ancient of Wind
08:54 Ancient of Wind
10:01 Ancient Protector
10:05 Ancient Protector
11:38 Tree of Life
15:58 Ancient Protector
15:59 Ancient Protector
17:00 Tree of Eternity
17:51 Moon Well
18:13 Moon Well
18:55 Ancient Protector
19:01 Ancient Protector
21:41 Tree of Ages
23:28 Moon Well
24:16 Tree of Eternity
ChrisSuxSoHard (
green | 25 APM | 657 actions | 26:35)
4 Archmage
2 Summon Water Elemental
2 Blizzard
» actions
| Assign group hotkey | 21 | |
| Basic commands | 77 | |
| Build / train | 65 | |
| ESC pressed | 8 | |
| Enter build submenu | 26 | |
| Enter hero's abilities submenu | 4 | |
| Give item / drop item | 1 | |
| Right click | 19 | |
| Select / deselect | 274 | |
| Select group hotkey | 77 | |
| Use ability | 85 | |
657 total
» units
| Peasant | 13 | |
| Mortar Team | 6 | |
| Siege Engine | 10 | |
| Goblin Zeppelin | 8 | |
37 total
» upgrades
| Swords | 1 | |
| Lumber Harvesting | 2 | |
| Gunpowder | 3 | |
| Armor | 3 | |
| Barrage | 1 | |
| Flying Machine Bombs | 1 | |
11 total
» buildings
| Altar of Kings | 1 | |
| Farm | 12 | |
| Lumber Mill | 1 | |
| Scout Tower | 5 | |
| Arcane Vault | 1 | |
| Guard Tower | 4 | |
| Keep | 1 | |
| Blacksmith | 1 | |
| Castle | 1 | |
| Workshop | 2 | |
| Town Hall | 1 | |
30 total
» build order
00:24 Altar of Kings
00:39 Farm
01:04 Lumber Mill
01:10 Scout Tower
01:20 Farm
01:42 Arcane Vault
02:06 Farm
02:19 Guard Tower
02:55 Farm
03:19 Keep
03:32 Blacksmith
03:35 Farm
03:47 Scout Tower
04:19 Farm
04:22 Guard Tower
04:25 Scout Tower
04:59 Scout Tower
05:02 Scout Tower
05:04 Guard Tower
05:35 Guard Tower
05:47 Castle
05:51 Workshop
05:59 Workshop
09:29 Farm
10:15 Farm
11:14 Farm
14:39 Farm
14:41 Farm
14:42 Farm
16:43 Town Hall
» items
| Potion of Healing | 3 | |
| Scroll of Town Portal | 1 | |
4 total

»
darkwarrior47 (
red | 20 APM | 527 actions | 26:31)
4 Lich
2 Frost Nova
2 Frost Armor
2 Death Knight
1 Death Coil
1 Unholy Aura
» actions
| Build / train | 49 | |
| Enter build submenu | 28 | |
| Enter hero's abilities submenu | 6 | |
| Give item / drop item | 1 | |
| Right click | 193 | |
| Select / deselect | 209 | |
| Use ability | 41 | |
527 total
» units
| Acolyte | 6 | |
| Goblin Shredder | 1 | |
| Frost Wyrm | 12 | |
19 total
» upgrades
| Creature Attack | 3 | |
| Creature Carapace | 3 | |
| Freezing Breath | 1 | |
7 total
» buildings
| Altar of Darkness | 1 | |
| Ziggurat | 16 | |
| Graveyard | 1 | |
| Tomb of Relics | 1 | |
| Halls of the Dead | 1 | |
| Sacrificial Pit | 1 | |
| Black Citadel | 1 | |
| Spirit Tower | 10 | |
| Boneyard | 2 | |
| Necropolis | 1 | |
35 total
» build order
00:15 Altar of Darkness
00:29 Ziggurat
01:04 Graveyard
01:52 Ziggurat
02:25 Tomb of Relics
03:35 Halls of the Dead
06:15 Sacrificial Pit
06:30 Black Citadel
07:21 Ziggurat
07:56 Ziggurat
08:35 Spirit Tower
08:36 Spirit Tower
09:01 Boneyard
09:18 Boneyard
09:51 Spirit Tower
09:58 Ziggurat
13:35 Ziggurat
15:29 Spirit Tower
17:17 Ziggurat
18:14 Ziggurat
18:39 Necropolis
21:03 Ziggurat
21:16 Ziggurat
21:45 Ziggurat
22:04 Spirit Tower
22:12 Ziggurat
22:14 Spirit Tower
23:20 Ziggurat
23:24 Ziggurat
23:30 Ziggurat
24:02 Ziggurat
24:22 Spirit Tower
24:25 Spirit Tower
24:27 Spirit Tower
25:57 Spirit Tower
» items
| Potion of Healing | 2 | |
| Scroll of Town Portal | 1 | |
3 total
team 2 (winner)

»
Teelo (
teal | 59 APM | 1575 actions | 26:42)
6 Archmage
3 Summon Water Elemental
2 Brilliance Aura
1 Mass Teleport
» actions
| Assign group hotkey | 109 | |
| Basic commands | 80 | |
| Build / train | 106 | |
| ESC pressed | 3 | |
| Enter build submenu | 40 | |
| Enter hero's abilities submenu | 6 | |
| Give item / drop item | 2 | |
| Remove unit from queue | 4 | |
| Right click | 510 | |
| Select / deselect | 393 | |
| Select group hotkey | 198 | |
| Use ability | 124 | |
1575 total
» units
| Peasant | 18 | |
| Footman | 7 | |
| Goblin Shredder | 1 | |
| Goblin Zeppelin | 16 | |
| Siege Engine | 15 | |
57 total
» upgrades
| Masonry | 3 | |
| Magic Sentry | 1 | |
| Gunpowder | 3 | |
| Plating | 3 | |
| Barrage | 1 | |
11 total
» buildings
| Altar of Kings | 1 | |
| Farm | 12 | |
| Barracks | 1 | |
| Scout Tower | 16 | |
| Arcane Vault | 1 | |
| Lumber Mill | 1 | |
| Arcane Tower | 1 | |
| Keep | 3 | |
| Guard Tower | 6 | |
| Blacksmith | 1 | |
| Workshop | 3 | |
| Town Hall | 2 | |
| Arcane Sanctum | 1 | |
| Castle | 3 | |
52 total
» build order
00:26 Altar of Kings
00:35 Farm
00:47 Farm
00:57 Barracks
01:09 Scout Tower
01:25 Arcane Vault
01:46 Scout Tower
01:50 Lumber Mill
02:08 Farm
02:36 Arcane Tower
03:17 Keep
03:34 Scout Tower
03:36 Scout Tower
03:39 Scout Tower
04:28 Guard Tower
04:30 Blacksmith
04:48 Scout Tower
05:28 Farm
05:29 Farm
05:33 Farm
05:36 Farm
06:18 Guard Tower
07:08 Workshop
07:57 Town Hall
08:00 Scout Tower
08:03 Scout Tower
08:18 Guard Tower
08:32 Guard Tower
08:35 Guard Tower
09:05 Arcane Sanctum
09:45 Castle
09:59 Workshop
10:28 Workshop
13:09 Farm
13:09 Farm
14:26 Farm
14:56 Scout Tower
14:57 Scout Tower
14:58 Scout Tower
16:25 Town Hall
17:48 Farm
20:53 Keep
22:17 Scout Tower
22:18 Scout Tower
22:23 Scout Tower
22:24 Scout Tower
22:26 Scout Tower
23:31 Guard Tower
23:33 Keep
23:35 Castle
26:20 Farm
» items
| Scroll of Regeneration | 2 | |
| Lesser Clarity Potion | 6 | |
| Ivory Tower | 2 | |
| Scroll of Town Portal | 1 | |
| Orb of Fire | 1 | |
| Potion of Healing | 2 | |
14 total
xavier8 (
pink | 39 APM | 1047 actions | 26:41)
5 Pandaren Brewmaster
3 Drunken Haze
2 Breath of Fire
2 Shadow Hunter
2 Hex
» actions
| Assign group hotkey | 9 | |
| Basic commands | 2 | |
| Build / train | 70 | |
| Enter build submenu | 43 | |
| Enter hero's abilities submenu | 7 | |
| Give item / drop item | 1 | |
| Right click | 401 | |
| Select / deselect | 373 | |
| Select group hotkey | 20 | |
| Use ability | 120 | |
1047 total
» units
| Peon | 16 | |
| Grunt | 5 | |
| Goblin Zeppelin | 1 | |
| Troll Batrider | 14 | |
36 total
» upgrades
| Pillage | 1 | |
| Melee Weapons | 1 | |
| Armor | 3 | |
| Ranged Weapons | 3 | |
| Reinforced Defenses | 1 | |
| Troll Regeneration | 1 | |
| Spiked Barricades | 3 | |
| Liquid Fire | 1 | |
14 total
» buildings
| Altar of Storms | 1 | |
| Orc Burrow | 7 | |
| Barracks | 1 | |
| Voodoo Lounge | 2 | |
| War Mill | 2 | |
| Stronghold | 1 | |
| Fortress | 1 | |
| Beastiary | 5 | |
| Watch Tower | 17 | |
37 total
» build order
00:17 Altar of Storms
00:27 Orc Burrow
01:02 Barracks
01:46 Orc Burrow
02:24 Voodoo Lounge
02:58 Orc Burrow
03:54 Orc Burrow
04:39 War Mill
06:28 Stronghold
06:37 Orc Burrow
06:44 Orc Burrow
07:00 War Mill
08:49 Fortress
09:17 Beastiary
09:33 Beastiary
09:42 Beastiary
10:35 Watch Tower
10:39 Watch Tower
10:43 Watch Tower
11:10 Beastiary
11:19 Watch Tower
11:25 Watch Tower
11:31 Watch Tower
11:59 Watch Tower
15:28 Orc Burrow
16:17 Watch Tower
16:22 Watch Tower
17:23 Beastiary
17:55 Watch Tower
18:01 Watch Tower
18:05 Watch Tower
18:13 Watch Tower
20:52 Watch Tower
23:29 Watch Tower
23:59 Voodoo Lounge
25:12 Watch Tower
25:39 Watch Tower
» items
| Tiny Great Hall | 2 | |
| Scroll of Town Portal | 3 | |
| Healing Salve | 2 | |
| Orb of Lightning | 1 | |
8 total

»
Wiz.Paperplanes (
blue | 37 APM | 981 actions | 26:41)
5 Blademaster
2 Critical Strike
3 Wind Walk
5 Shadow Hunter
3 Healing Wave
2 Hex
3 Goblin Alchemist
2 Healing Spray
1 Acid Bomb
» actions
| Assign group hotkey | 8 | |
| Basic commands | 1 | |
| Build / train | 74 | |
| Enter build submenu | 32 | |
| Enter hero's abilities submenu | 15 | |
| Give item / drop item | 8 | |
| Remove unit from queue | 7 | |
| Right click | 365 | |
| Select / deselect | 361 | |
| Select group hotkey | 34 | |
| Use ability | 74 | |
981 total
» units
| Peon | 15 | |
| Grunt | 4 | |
| Goblin Zeppelin | 1 | |
| Wind Rider | 7 | |
| Goblin Shredder | 1 | |
| Troll Batrider | 3 | |
31 total
» upgrades
| Armor | 3 | |
| Ranged Weapons | 3 | |
| Envenomed Spears | 1 | |
| Reinforced Defenses | 1 | |
| Spiked Barricades | 3 | |
| Pillage | 1 | |
| Liquid Fire | 1 | |
| Melee Weapons | 1 | |
14 total
» buildings
| Altar of Storms | 1 | |
| Orc Burrow | 7 | |
| Barracks | 1 | |
| Voodoo Lounge | 1 | |
| War Mill | 2 | |
| Stronghold | 1 | |
| Watch Tower | 14 | |
| Beastiary | 2 | |
| Great Hall | 3 | |
| Fortress | 1 | |
33 total
» build order
00:19 Altar of Storms
00:32 Orc Burrow
00:57 Barracks
01:41 Orc Burrow
01:56 Voodoo Lounge
02:18 War Mill
03:39 Stronghold
04:29 Watch Tower
04:31 Watch Tower
04:52 Orc Burrow
06:17 Beastiary
06:51 Great Hall
07:06 Fortress
07:46 Beastiary
09:00 Great Hall
10:02 Orc Burrow
13:16 Watch Tower
13:33 Orc Burrow
13:41 Orc Burrow
13:43 Orc Burrow
14:32 Watch Tower
16:18 Watch Tower
16:23 War Mill
17:42 Watch Tower
19:21 Watch Tower
20:57 Watch Tower
23:01 Watch Tower
23:38 Watch Tower
24:36 Great Hall
24:38 Watch Tower
25:56 Watch Tower
26:00 Watch Tower
26:03 Watch Tower
» items
| Healing Salve | 2 | |
| Orb of Lightning | 1 | |
| Scroll of Town Portal | 1 | |
4 total
KingTap (
yellow | 17 APM | 462 actions | 26:41)
7 Death Knight
3 Death Coil
3 Unholy Aura
1 Animate Dead
2 Dark Ranger
1 Life Drain
1 Silence
» actions
| Assign group hotkey | 9 | |
| Build / train | 61 | |
| Enter build submenu | 15 | |
| Enter hero's abilities submenu | 8 | |
| Give item / drop item | 2 | |
| Right click | 106 | |
| Select / deselect | 190 | |
| Select group hotkey | 32 | |
| Use ability | 39 | |
462 total
» units
| Acolyte | 12 | |
| Ghoul | 2 | |
| Crypt Fiend | 5 | |
| Goblin Shredder | 2 | |
| Goblin Zeppelin | 1 | |
| Gargoyle | 4 | |
| Obsidian Statue | 3 | |
29 total
» upgrades
| Creature Attack | 3 | |
| Creature Carapace | 3 | |
| Web | 1 | |
| Burrow | 1 | |
| Destroyer Form | 1 | |
| Stone Form | 1 | |
10 total
» buildings
| Ziggurat | 15 | |
| Crypt | 2 | |
| Graveyard | 1 | |
| Altar of Darkness | 1 | |
| Tomb of Relics | 1 | |
| Halls of the Dead | 1 | |
| Spirit Tower | 5 | |
| Black Citadel | 1 | |
| Slaughterhouse | 3 | |
30 total
» build order
00:16 Ziggurat
00:20 Ziggurat
01:03 Crypt
01:41 Crypt
02:00 Graveyard
02:11 Ziggurat
03:11 Altar of Darkness
04:20 Tomb of Relics
06:49 Ziggurat
06:51 Ziggurat
06:55 Ziggurat
08:02 Halls of the Dead
09:32 Spirit Tower
09:44 Spirit Tower
09:48 Spirit Tower
13:35 Black Citadel
13:45 Slaughterhouse
13:49 Slaughterhouse
13:58 Slaughterhouse
15:36 Ziggurat
15:43 Ziggurat
15:48 Ziggurat
15:57 Ziggurat
15:59 Ziggurat
16:01 Ziggurat
16:07 Ziggurat
16:09 Ziggurat
16:13 Ziggurat
17:28 Spirit Tower
18:21 Spirit Tower
» items
| Periapt of Vitality | 2 | |
| Scroll of Town Portal | 2 | |
4 total
Chat log
(00:08 / All) Teelo: HURRRRRRRRRRRRRRICANES
(00:08 / All) xavier8: my favorite map
(00:11 / All) Born_in_USSR: rush here
(00:11 / All) Teelo: mine too
(00:16 / All) Teelo: lets see how many wimps leave
(00:22 / All) Teelo: cause WAHHHH I CANT RUSH ON THIS BOO HOO
(00:26 / All) Born_in_USSR: i like map too
(00:53 / All) Born_in_USSR: ok fast tech here
(01:04 / All) Teelo: k Im gonna grunt rush
(01:11 / Allies) KingTap: should we make aa
(01:15 / All) disowner: im massing wisps
(01:18 / Allies) Teelo: Im getting tanks asap
(01:23 / All) Born_in_USSR: bay submarine & ships & go
(05:31 / Allies) xavier8: come on
(05:36 / Allies) xavier8: i need my panda
(05:40 / Allies) Teelo: lol
(05:43 / Allies) Teelo: zeps up at sunrise
(05:47 / Allies) xavier8: fucking ZEP
(05:54 / Allies) xavier8: yep
(05:55 / Allies) Teelo: shoulda gotten a warden with blink
(06:15 / Allies) xavier8: i am an ORC bro
(06:19 / Allies) Teelo: i know :P
(06:24 / Allies) xavier8: lol
(06:27 / Allies) Teelo: lol fuck forogot the close expo is hard to creep
(07:17 / Allies) Wiz.Paperplanes: wish i didnt random orc
(07:31 / Allies) Teelo: pssh get bats
(07:32 / Allies) Teelo: lol
(08:01 / Allies) Wiz.Paperplanes: ppl will tower
(08:14 / Allies) Teelo: so scout them first then decide
(11:51 / Allies) Teelo: omw
(11:51 / Allies) xavier8: i want an island
(11:59 / Allies) Teelo: no man is an island
(13:25 / Allies) xavier8: ty
(13:31 / Allies) Teelo: now come help me creep one
(13:37 / Allies) xavier8: k
(13:45 / Allies) xavier8: where
(14:06 / Allies) Teelo: blue they can hit air
(14:31 / Allies) xavier8: comming teal
(14:57 / Allies) Wiz.Paperplanes: my bm is beast
(15:32 / Allies) Teelo: lol demos
(16:12 / All) Born_in_USSR: i like this map
(16:34 / Allies) xavier8: i tem
(16:44 / Allies) Wiz.Paperplanes: teal can have
(16:54 / Allies) Teelo: eh cbf flying back
(17:10 / Allies) Teelo: oh fine
(17:32 / All) xavier8: lol
(17:37 / Allies) Teelo: lol towrs killed his zep?
(18:27 / All) disowner: wutang clan aint nothing to fuck with!
(18:36 / All) KingTap: lmao
(18:58 / Allies) Teelo: k one more zep and im hitting purp
(19:23 / Allies) Teelo: here I go!
(20:09 / Allies) Wiz.Paperplanes: anyone need
(20:10 / Allies) Wiz.Paperplanes: gold or wood
(21:44 / Allies) Teelo: yellow when I hit again, come help me and take out the demos
(21:45 / Allies) Teelo: k?
(21:52 / Allies) KingTap: k
(21:56 / Allies) Teelo: ty
(23:18 / Allies) Teelo: hitting again when my next 3 tanks come out
(23:24 / Allies) Teelo: fifteen seconds
(23:35 / Allies) KingTap: k
(23:41 / Allies) Teelo: five
(24:08 / Allies) Teelo: going now
(24:46 / Allies) Teelo: go defend me yellow please
(25:25 / Allies) xavier8: air back
(25:31 / Allies) xavier8: air back